 Dungeon Crawl Stone Soup version 0.27-a0-1431-gcffa5a9b16 (webtiles) character file.

Game seed: 10796609677383046341

301 pyrow613 the Skirmisher (level 6, -6/50 (56) HPs)
             Began as a Draconian Berserker on July 2, 2021.
             Was a Priest of Trog.
             Killed by nerve-wracking pain
             ... invoked by an orc priest
              (11 damage)
             ... on level 3 of the Dungeon.
             The game lasted 00:04:31 (3900 turns).

pyrow613 the Skirmisher (Draconian Berserker)       Turns: 3900, Time: 00:04:32

HP:   -6/50 (56)    AC:  6    Str: 21    XL:     6   Next: 14%
MP:   6/6           EV: 12    Int:  8    God:    Trog [***...]
Gold: 133           SH:  0    Dex: 10    Spells: 5/5 levels left

rFire    . . .     SeeInvis .   a - +0 short sword
rCold    . . .     Faith    .   (no shield)
rNeg     . . .     Spirit   .   (armour unavailable)
rPois    .         Reflect  .   (helmet restricted)
rElec    .         Harm     .   (no cloak)
rCorr    .         Rampage  .   (no gloves)
Will     .....                  (no boots)
Stlth    ++........             (no amulet)
HPRegen  0.16/turn              (no ring)
MPRegen  0.10/turn              (no ring)

@: heavily drained
A: AC +6, unfitting armour, cold-blooded
a: Renounce Religion, Berserk, Trog's Hand


You were on level 3 of the Dungeon.
You worshipped Trog.
Trog was most pleased with you.
You visited 1 branch of the dungeon, and saw 3 of its levels.

You collected 133 gold pieces.

Inventory:

Hand Weapons
 a - a +0 short sword (weapon)
 f - a +0 hunting sling
Armour
 c - a +0 kite shield
Wands
 i - a wand of polymorph (7)
Scrolls
 b - 3 scrolls of identify {unknown}
 d - 2 scrolls of amnesia {unknown}
 g - 3 scrolls of teleportation {unknown}
 h - a scroll of enchant weapon {unknown}
Potions
 e - 3 potions of curing {unknown}
 j - a potion of mutation {unknown}
 k - a potion of brilliance {unknown}
 l - a potion of invisibility {unknown}
 m - a potion of degeneration {unknown}


   Skills:
 * Level 5.5 Fighting
 * Level 4.9 Short Blades
 - Level 2.6 Dodging
 + Level 2.4 Stealth


You had 5 spell levels left.
You didn't know any spells.
Your spell library was empty.

Dungeon Overview and Level Annotations

Branches:
Dungeon (3/15)

Altars:


Innate Abilities, Weirdness & Mutations

Your plain brown scales are hard. (AC +6)
You cannot fit into any form of body armour.
You are cold-blooded and may be slowed by cold attacks.


Message History

You are too injured to fight recklessly!
You are too injured to fight recklessly!
You are too injured to fight recklessly!
You are too injured to fight recklessly!
You are too injured to fight recklessly!
You hit the orc wizard.
The orc wizard is severely wounded.
The orc wizard barely misses you.
You barely miss the orc wizard.
The orc wizard is severely wounded.
The orc wizard hits you with a +0 dagger.
You hit the orc wizard.
The orc wizard is almost dead.
You hit the orc wizard.
You kill the orc wizard!
Trog accepts your kill.
Trog appreciates your killing of a magic user.
The orc priest invokes the aid of Beogh against you.
Beogh smites you!
* * * LOW HITPOINT WARNING * * *
The orc priest hits you but does no damage.
You feel drained.
Items here: ( )) [[ ††.
You hit the orc priest but do no damage.
The orc priest hits you but does no damage.
You feel drained.
You closely miss the orc priest.
The orc priest hits you with a +2 dagger of draining.
* * * LOW HITPOINT WARNING * * *
You feel drained.
* * * LOW HITPOINT WARNING * * *
You barely miss the orc priest.
The orc priest hits you with a +2 dagger of draining.
* * * LOW HITPOINT WARNING * * *
You feel drained.
* * * LOW HITPOINT WARNING * * *
You barely miss the orc priest.
The orc priest mumbles some strange prayers to Beogh against you.
Pain shoots through your body!
You die...

... #.# #..# #
#.#####.####..# #
#.............# #
........####.## #
#######.# #.####
#.####..... #
#..........
....##########.#########
#..[o@.......#
##############


You could see an orc priest.

Vanquished Creatures
  A scorpion (D:3)
  Natasha (thrice) (D:2)
  An orc wizard (D:3)
  5 adders
  3 worms (D:2)
  A dart slug (D:1)
  2 orcs (D:3)
  10 endoplasms
  3 giant cockroaches
  7 goblins
  5 hobgoblins
  13 jackals
  2 quokkas
  6 ball pythons
  7 bats
  6 frilled lizards
  4 kobolds
  6 rats
85 creatures vanquished.

Notes
Turn   | Place    | Note
-------+----------+-------------------------------------------
     0 | D:1      | pyrow613 the Draconian Berserker began the quest for the
                  | Orb.
     0 | D:1      | Reached XP level 1. HP: 19/19 MP: 1/1
   183 | D:1      | Reached XP level 2. HP: 24/26 MP: 2/2
   618 | D:1      | Reached ** piety under Trog
   641 | D:1      | Reached skill level 1 in Stealth
   686 | D:1      | Reached XP level 3. HP: 33/33 MP: 3/3
   720 | D:1      | Reached skill level 4 in Fighting
  1400 | D:2      | Noticed Natasha
  1416 | D:2      | HP: 1/33 [white imp/puff of frost[Natasha] (7)]
  1433 | D:2      | Killed Natasha
  1434 | D:2      | Reached XP level 4. HP: 21/41 MP: 4/4
  2679 | D:2      | Reached XP level 5. HP: 43/47 MP: 5/5
  3200 | D:2      | Noticed Natasha
  3207 | D:2      | Killed Natasha
  3216 | D:2      | Noticed Natasha
  3226 | D:2      | Killed Natasha
  3226 | D:2      | Reached *** piety under Trog
  3227 | D:2      | Reached skill level 5 in Fighting
  3868 | D:3      | Reached XP level 6. HP: 56/56 MP: 6/6
  3900 | D:3      | Killed from afar by an orc priest

Illustrated notes

Levels and vault maps discovered:
D:1:      noname_arrival_rooms_in_the_neighbourhood, layout_loops_corners,
          corexii_leaking_fountain
D:2:      layout_basic, minmay_pentomino_s2, uniq_natasha
D:3:      layout_loops_ring, grunt_ministairs_7, minmay_quantized

Skill      XL: |  1  2  3  4  5 |
---------------+----------------+-----
Stealth        | 1 2 |  2.4
Fighting       | 4 5 |  5.5
Short Blades   | 4 |  4.9
Dodging        | |  2.6

Action                   |  1- 3 |  4- 6 || total
-------------------------+-------+-------++-------
Melee: Short sword       |   129 |   177 ||   306
       Tailslap          |    14 |    13 ||    27
  Use: Potion            |     2 |       ||     2
 Stab: Sleeping          |     6 |     2 ||     8
Armor: Skin              |    53 |    54 ||   107
Dodge: Dodged            |    80 |    81 ||   161

Table legend: (Time is in decaauts)
 A = Elapsed time spent in this place.
 B = Non-inter-level travel time spent in this place.
 C = Inter-level travel time spent in this place.
 D = Time resting spent in this place.
 E = Time spent auto-exploring this place.
 F = Levels seen in this place.
 G = Mean time per level.
                   A        B        C        D        E       F      G
               +--------+--------+--------+--------+--------+-----+--------+
         Total |   3878 |   3838 |     40 |    806 |   2491 |   3 | 1292.7 |
       Dungeon |   3878 |   3838 |     40 |    806 |   2491 |   3 | 1292.7 |
               +--------+--------+--------+--------+--------+-----+--------+

Top non-repeatable levels by time:
     D:2: 2145 daAuts
     D:1: 1166 daAuts
     D:3: 567 daAuts
